 Seeded DCSS version 0.29-a0-830-gcb1280458a (webtiles) character file.

Game seed: 20220711 (custom seed)

19 flotson the Sneak (level 2, 0/24 HPs)
             Began as a Demonspawn Delver on July 11, 2022.
             Succumbed to an adder's poison
             ... on level 2 of the Dungeon.
             The game lasted 00:02:24 (656 turns).

flotson the Sneak (Demonspawn Delver)                Turns: 656, Time: 00:02:25

Health: 0/24       AC: 15    Str: 12    XL:     2   Next: 55%
Magic:  2/2        EV:  5    Int: 11    God:
Gold:   33         SH:  0    Dex: 14    Spells: 1/1 levels left

rFire   + . .      SeeInvis +   a - +0 spear
rCold   . . .      Faith    .   (no shield)
rNeg    . . .      Spirit   .   h - +7 chain mail "Muhilixt" {rF+ SInv}
rPois   .          Reflect  .   (no helmet)
rElec   .          Harm     .   (no cloak)
rCorr   .          Rampage  .   (no gloves)
Will    .....                   (no boots)
Stlth   ..........              (no amulet)
HPRegen 0.08/turn               (no ring)
MPRegen 0.08/turn               (no ring)

@: lethally poisoned (0 -> -2), about to teleport, hasted, very quick
A: demonic guardian 1
a: no special abilities


You were on level 2 of the Dungeon.
You visited 1 branch of the dungeon, and saw 4 of its levels.

You collected 33 gold pieces.

Inventory:

Hand Weapons
 a - a +0 spear (weapon)
Missiles
 j - 2 poisoned darts (quivered)
Armour
 h - the +7 chain mail "Muhilixt" (worn) {rF+ SInv}
   (You found it on level 4 of the Dungeon)

   rF:        It protects you from fire.
   SInv:      It lets you see invisible.
Wands
 g - a wand of digging (3)
Scrolls
 c - a scroll of fog
 d - 2 scrolls of magic mapping
 e - a scroll of fear


   Skills:
 + Level 3.1 Fighting
 + Level 0.5(1.3) Axes
 - Level 1.7(1.8) Polearms
 + Level 0.1 Throwing
 + Level 0.6 Armour
 + Level 2.0 Dodging
 - Level 4.5 Stealth
 + Level 0.8 Evocations


You had one spell level left.
You didn't know any spells.
Your spell library was empty.

Dungeon Overview and Level Annotations

Branches:
Dungeon (5/15)
 Temple: D:4-7

Altars:

Annotations:
D:4 Menkaure


Innate Abilities, Weirdness & Mutations

A weak demonic guardian rushes to your aid.


Message History

The adder bites you but does no damage.
You barely miss the adder.
The adder is almost dead.
The adder bites you but does no damage. x2
You hit the adder.
You kill the adder!
The adder bites you.
You barely miss the adder. The adder bites you but does no damage.
You closely miss the adder. The adder bites you but does no damage.
You hit the adder.
The adder is lightly wounded.
The adder completely misses you. The adder bites you.
You are poisoned.
The adder poisons you!
You feel yourself speed up.
* * * LOW HITPOINT WARNING * * *
You feel sick. The adder bites you.
* * * LOW HITPOINT WARNING * * *
A demonic guardian appears!
* * * LOW HITPOINT WARNING * * *
You feel sick.
You swap places.
Your shadow imp closely misses the adder.
The adder closely misses your shadow imp.
* * * LOW HITPOINT WARNING * * *
You feel sick.
The adder barely misses your shadow imp.
Your shadow imp hits the adder.
As you read the scroll labelled CEZUSY OKLUHURY, it crumbles to dust.
You feel strangely unstable.
It was a scroll of teleportation.
* * * LOW HITPOINT WARNING * * *
You feel sick. The adder bites your shadow imp.
As you read the scroll labelled WANKIN WIFOID, it crumbles to dust.
It is a scroll of identify.
You don't have any unidentified items.
Your shadow imp closely misses the adder.
The adder bites your shadow imp.
Your shadow imp is poisoned.
The adder poisons your shadow imp!
You die...

.. .# .. #. #.## ..#
#######################.##.#
................@..5S.....(#
########################.#.#
... #S.# ..# S.# .# .#


You could see an adder (ally target) and a friendly shadow imp (summoned,
poisoned).

Vanquished Creatures
  An adder (D:2)
  A dart slug (D:4)
  2 bats
  2 giant cockroaches (D:3)
  A hobgoblin (D:4)
  A ball python (D:3)
  A kobold (D:3)
9 creatures vanquished.

Notes
Turn   | Place    | Note
-------+----------+-------------------------------------------
     0 | D:5      | flotson the Demonspawn Delver began the quest for the Orb.
     0 | D:5      | Reached XP level 1. HP: 18/18 MP: 1/1
    37 | D:4      | Noticed Menkaure
   370 | D:4      | Identified the +7 chain mail "Muhilixt" {rF+ SInv}
   510 | D:3      | Gained mutation: A weak demonic guardian rushes to your
                  | aid. [demonic ancestry]
   510 | D:3      | Reached XP level 2. HP: 24/24 MP: 2/2
   654 | D:2      | HP: 1/24 [poisoned by an adder]
   656 | D:2      | Succumbed to an adder's poison

Illustrated notes

Levels and vault maps discovered:
D:2:      layout_basic, hellmonk_ecumenical_altar_lost_god, serial_shops,
          shop_fountains
D:3:      layout_loops_ring, slow_altar_1, uniq_ijyb
D:4:      minmay_clustersquares, layout_rooms,
          mainiacjoe_overflow_cross_hatched, lemuel_tele_altar, uniq_sigmund,
          uniq_menkaure
D:5:      layout_rooms, pdpol_temple_overflow_zin_treasury_gozag_greed,
          nicolae_ru_great_annihilating_truth, gammafunk_ghost_necromancy,
          corexii_hall_statues_x, palyth_stone_intersect, minmay_between,
          uniq_duvessa

Skill      XL: |  1  2 |
---------------+-------+-----
Dodging        | 2 |  2.0
Fighting       | |  3.1
Axes           | |  0.5
Polearms       | |  1.7
Throwing       | |  0.1
Armour         | |  0.6
Stealth        | |  4.5
Evocations     | |  0.8

Action                   || total
-------------------------++-------
Melee: Spear             ||    42
       Punch             ||     1
Throw: Dart              ||     1
  Use: Scroll            ||     2
       Potion            ||     1
 Stab: Sleeping          ||     1
Armor: Chain mail        ||    32
       Leather armour    ||     1
Dodge: Dodged            ||     8

Table legend: (Time is in decaauts)
 A = Elapsed time spent in this place.
 B = Non-inter-level travel time spent in this place.
 C = Inter-level travel time spent in this place.
 D = Time resting spent in this place.
 E = Time spent auto-exploring this place.
 F = Levels seen in this place.
 G = Mean time per level.
                   A        B        C        D        E       F      G
               +--------+--------+--------+--------+--------+-----+--------+
         Total |    657 |    657 |      0 |    291 |    191 |   4 |  164.2 |
       Dungeon |    657 |    657 |      0 |    291 |    191 |   4 |  164.2 |
               +--------+--------+--------+--------+--------+-----+--------+

Top non-repeatable levels by time:
     D:3: 498 daAuts
     D:2: 84 daAuts
     D:4: 37 daAuts
     D:5: 37 daAuts
